 Dungeon Crawl Stone Soup version 0.18-a0-19-g8b99b3a (webtiles) character file.

11 mrath the Digger (level 2, -3/15 HPs)
             Began as a Gargoyle Earth Elementalist on Nov 1, 2015.
             Slain by a giant gecko (4 damage)
             ... on level 1 of the Dungeon.
             The game lasted 00:03:37 (1038 turns).

mrath the Digger (Gargoyle Earth Elementalist)      Turns: 1038, Time: 00:03:37

Health: -3/15      AC:  4    Str: 11    XL:     2   Next: 25%
Magic:  1/5        EV: 12    Int: 15    God:
Gold:   18         SH:  0    Dex: 10    Spells: 1 memorised, 4 levels left

rFire  . . .     SeeInvis .     e - +0 club
rCold  . . .     Clarity  .     b - +0 robe
rNeg   + . .     SustAt   .     (no shield)
rPois  ∞         Gourm    .     (no helmet)
rElec  +         Spirit   .     (no cloak)
rCorr  .         Warding  .     (no gloves)
rMut   .         Stasis   .     (no boots)
MR     .....                    (no amulet)
Stlth  ++........               (no ring)
                                (no ring)

@: very slightly contaminated, not resistant to hostile enchantments, unstealthy
A: negative energy resistance 1, electricity resistance, unbreathing,
petrification resistance, rot immunity, AC +2
a: no special abilities


You were on level 1 of the Dungeon.
You were hungry.

You visited 1 branch of the dungeon, and saw 1 of its levels.

You collected 18 gold pieces.

Inventory:

Hand Weapons
 e - a +0 club (weapon)
Missiles
 a - 7 stones (quivered)
Armour
 b - a +0 robe (worn)
Scrolls
 f - a scroll of immolation {unknown}
 i - a scroll of teleportation {unknown}
 l - a scroll of remove curse {unknown}
Potions
 h - a potion of magic {unknown}
 k - a potion of lignification {unknown}
Books
 c - a book of Geomancy

   Spells                             Type                      Level
   a - Sandblast                      Earth                        1
   b - Stoneskin                      Transmutation/Earth          2
   c - Passwall                       Transmutation/Earth          3
   d - Stone Arrow                    Conjuration/Earth            3
   e - Petrify                        Transmutation/Earth          4
   f - Lee's Rapid Deconstruction     Earth                        5
Comestibles
 d - a bread ration
 g - 4 fruits
 j - 3 chunks of flesh


   Skills:
 - Level 1.5 Dodging
 - Level 2.1 Stealth
 * Level 2.4 Spellcasting
   Level 0.7 Transmutations
 + Level 3.9 Earth Magic


You had 4 spell levels left.
You knew the following spells:

 Your Spells              Type           Power        Failure   Level  Hunger
a - Sandblast             Erth           ##....       4%          1    #......


Dungeon Overview and Level Annotations

Branches:
Dungeon (1/15)

Altars:


Innate Abilities, Weirdness & Mutations

You are resistant to torment.
Your stone body is resilient (AC +2).
You are immune to poison.
You resist negative energy.
You are resistant to electric shocks.
You can survive without breathing.
You are immune to petrification.
You are immune to rotting.


Message History

The giant gecko bites you but does no damage.
You closely miss the giant gecko.
The giant gecko is almost dead.
The giant gecko bites you. The giant gecko closely misses you.
You barely miss the giant gecko.
The giant gecko is almost dead.
The giant gecko hisses menacingly.
The giant gecko barely misses you.
You barely miss the giant gecko.
The giant gecko is almost dead.
The giant gecko closely misses you. The giant gecko bites you.
* * * LOW HITPOINT WARNING * * *
Some of the chunks of flesh in your inventory have rotted away.
You barely miss the giant gecko.
The giant gecko is almost dead.
The giant gecko closely misses you.
You barely miss the giant gecko.
The giant gecko is almost dead.
The giant gecko bites you.
You die...

#......)..........+......
#....####.........####...
#.#.## #........## ##.#
#.#.### #.#.....## ###
#.....# #.##...## ###.#.#
#.###+## #.#.###.# #.#
#.......###.########
###...@l..#.##.....#
#.......##....#.....####
#.#####.##..............
# #.##....#.....####
#.............#
#..#.#####...## #.##.#
##### .>.##.# #.. ..#


You could see a giant gecko.

Vanquished Creatures
  A giant gecko (D:1)
  A bat (D:1)
  2 goblins (D:1)
  2 hobgoblins (D:1)
  A giant newt (D:1)
  3 rats (D:1)
10 creatures vanquished.

Notes
Turn   | Place    | Note
--------------------------------------------------------------
     0 | D:1      | mrath the Gargoyle Earth Elementalist began the quest for the Orb.
     0 | D:1      | Reached XP level 1. HP: 10/10 MP: 3/3
   538 | D:1      | Reached XP level 2. HP: 15/15 MP: 1/5
  1038 | D:1      | Slain by a giant gecko

Vault maps used:
D:1:      roderic_chinese_lattice_arrival

Action                   || total
-------------------------++-------
Melee: Club              ||    24
 Cast: Sandblast         ||    17
